 Dungeon Crawl Stone Soup version 0.27.1-33-g824d729ab1 (webtiles) character file.

Game seed: 11231495572890708657

37 belegose the Chopper (level 3, -3/33 HPs)
             Began as a Hill Orc Chaos Knight on Dec 26, 2021.
             Was a Plaything of Xom.
             Engulfed by a fire crab (glowing shapeshifter)'s flame (16 damage)
             ... on level 1 of the Dungeon.
             The game lasted 00:03:42 (1481 turns).

belegose the Chopper (Hill Orc Chaos Knight)        Turns: 1481, Time: 00:03:43

Health: -3/33      AC:  6    Str: 15      XL:     3   Next: 39%
Magic:  3/3        EV: 10    Int: 11 (12) God:    Xom [.*....]
Gold:   31         SH:  0    Dex: 10      Spells: 2/2 levels left

rFire    . . .     SeeInvis .   g - +4 short sword (chaos)
rCold    . . .     Faith    .   (no shield)
rNeg     . . .     Spirit   .   f - +0 ring mail
rPois    .         Reflect  .   (no helmet)
rElec    .         Harm     .   (no cloak)
rCorr    .         Rampage  .   (no gloves)
Will     .....                  h - +0 pair of boots
Stlth    ..........             (no amulet)
HPRegen  0.11/turn              (no ring)
MPRegen  0.08/turn              (no ring)

@: no status effects
A: no striking features
a: Renounce Religion


You were on level 1 of the Dungeon.
You worshipped Xom.
You were a plaything of Xom.
You visited 1 branch of the dungeon, and saw 2 of its levels.

You collected 31 gold pieces.

Inventory:

Hand Weapons
 a - a +0 hand axe of chaos
 g - a +4 short sword of chaos (weapon)
Missiles
 c - 4 javelins (quivered)
 d - 58 stones
Armour
 b - a +2 leather armour
 f - a +0 ring mail (worn)
 h - a +0 pair of boots (worn)


   Skills:
 + Level 4.1 Fighting
 + Level 4.5 Axes
 + Level 1.1 Throwing
 + Level 2.7 Armour
 - Level 0.7 Dodging


You had 2 spell levels left.
You didn't know any spells.
Your spell library contained the following spells:

 Spells                   Type           Power      Damage    Failure   Level
 Summon Small Mammal      Summ           0%         N/A       56%         1
 Call Canine Familiar     Summ           0%         N/A       90%         3
 Summon Guardian Golem    Hex/Summ       0%         N/A       90%         3


Dungeon Overview and Level Annotations

Branches:
Dungeon (2/15)

Altars:


Message History

The blast of lightning engulfs the jackal!!!
The jackal dies!
The jackal closely misses you.
You hit the jackal. You freeze the jackal.
You kill the jackal!
The orb spider spins a strand of pure energy.
The orb spider changes into a queen bee!
Things that are here:
a jackal corpse; a jackal corpse You hit the queen bee but do no damage.
The queen bee changes into a komodo dragon!
You hit the komodo dragon. You burn the komodo dragon.
The komodo dragon is lightly wounded.
The komodo dragon changes into a cane toad!
You hit the cane toad.
The cane toad seems to slow down.
You freeze the cane toad.
The cane toad is lightly wounded.
You hit the cane toad but do no damage.
The cane toad is lightly wounded.
The cane toad stings you!
The cane toad is no longer moving slowly.
There is a stone staircase leading up here.
The cane toad stings you.
You are lethally poisoned!
The cane toad poisons you!
You climb upwards.
You feel extremely sick.
There is a stone staircase leading down here.
Unknown command.
You aren't carrying any items that you can evoke.
It was a potion of curing.
You feel better.
Xom roars with laughter!
The cane toad changes into a hog!
The hog changes into a spriggan!
The spriggan changes into a queen bee!
The queen bee changes into a fire crab!
The fire crab breathes flames at you. The blast of flame engulfs you.
You are engulfed in blazing flames.
You die...

#.###.......####.######.#
#.##.........##..###.##.#
#.+.....<.....'....#....#
###.#####...########.#.####
###.....# ##.##..>.....#.#
........## #.#....##...#.#
.........###)#.#○○##.#.#.#
..........##.#.#○###.#.#.#
...........#+#.#@# #.#...#
......##.......#°###.#####
..............○○○○##t#
......###.######○○##.#
......# #.######.°##.#
....#.# #.........°#.##
....#.# #.≈.⌠≈.≈.P.t..#
....#.# #.PP....P≈.####
......# #.≈.####.≈.#


There were no monsters in sight!

Vanquished Creatures
  3 endoplasms
  3 giant cockroaches (D:1)
  4 hobgoblins (D:1)
  2 jackals (D:2)
  2 ball pythons
  5 bats (D:1)
  5 goblins (D:1)
  4 kobolds (D:1)
  5 rats
33 creatures vanquished.

Vanquished Creatures (others)
  A jackal (D:2)
  A plant (D:1)
2 creatures vanquished.

Grand Total: 35 creatures vanquished

Notes
Turn   | Place    | Note
-------+----------+-------------------------------------------
     0 | D:1      | belegose the Hill Orc Chaos Knight began the quest for the
                  | Orb.
     0 | D:1      | Reached XP level 1. HP: 19/19 MP: 1/1
   113 | D:1      | Found a faded altar of an unknown god.
   126 | D:1      | Reached XP level 2. HP: 25/27 MP: 2/2
   274 | D:1      | XOM: silly message
   681 | D:1      | XOM: stat loss: -1 Int (11/12)
   936 | D:1      | Reached skill level 1 in Throwing
   937 | D:1      | Reached XP level 3. HP: 29/33 MP: 3/3
  1056 | D:1      | XOM: chaos upgrade
  1334 | D:2      | XOM: 3-stop teleportation journey
  1448 | D:2      | Noticed a glowing shapeshifter
  1448 | D:2      | a jackal changed into a glowing shapeshifter
  1448 | D:2      | Noticed a death drake
  1448 | D:2      | a glowing shapeshifter changed into a death drake
  1449 | D:2      | Noticed a jumping spider
  1449 | D:2      | a death drake changed into a jumping spider
  1451 | D:2      | Noticed an orb spider
  1451 | D:2      | a jumping spider changed into an orb spider
  1452 | D:2      | XOM: divine lightning
  1455 | D:2      | Noticed a queen bee
  1455 | D:2      | an orb spider changed into a queen bee
  1456 | D:2      | Noticed a komodo dragon
  1456 | D:2      | a queen bee changed into a komodo dragon
  1457 | D:2      | Noticed a cane toad
  1457 | D:2      | a komodo dragon changed into a cane toad
  1463 | D:1      | Noticed a hog
  1463 | D:1      | a cane toad changed into a hog
  1467 | D:1      | Noticed a spriggan
  1467 | D:1      | a hog changed into a spriggan
  1471 | D:1      | Noticed a queen bee
  1471 | D:1      | a spriggan changed into a queen bee
  1475 | D:1      | Noticed a fire crab
  1475 | D:1      | a queen bee changed into a fire crab
  1481 | D:1      | Engulfed by a fire crab (glowing shapeshifter)'s flame

Illustrated notes

Levels and vault maps discovered:
D:1:      mrwooster_arrival_arrow, layout_basic,
          shapermc_ecumenical_altar_acropolis, minmay_box_of_dots
D:2:      wander_river, layout_rooms, minivault_4

Skill      XL: |  1  2 |
---------------+-------+-----
Fighting       | 4 |  4.1
Throwing       | 1 |  1.1
Axes           | |  4.5
Armour         | |  2.7
Dodging        | |  0.7

Action                   || total
-------------------------++-------
Melee: Hand axe          ||    75
       Short sword       ||    19
  Use: Potion            ||     1
 Stab: Sleeping          ||     1
Armor: Leather armour    ||    21
       Ring mail         ||    21
Dodge: Dodged            ||    72
